 Dungeon Crawl Stone Soup version 0.24.0-125-gc4c63601f3 (webtiles) character file.

Game seed: 2383342815885688622, levelgen mode: deterministic

5615 Johnny the Grappler (level 10, 0/102 HPs)
             Began as a Troll Berserker on Mar 8, 2020.
             Was an Elder of Trog.
             Slain by a nine-headed hydra (1 damage)
             ... on level 9 of the Dungeon.
             The game lasted 00:06:22 (6679 turns).

Johnny the Grappler (Troll Berserker)               Turns: 6679, Time: 00:06:22

Health: 0/102      AC:  7    Str: 30      XL:     10   Next: 45%
Magic:  9/9        EV: 10    Int:  3      God:    Trog [****..]
Gold:   0          SH:  0    Dex:  4 (9)  Spells: 9/9 levels left

rFire    + . .     SeeInvis .     - Unarmed
rCold    . . .     Gourm    +   (no shield)
rNeg     . . .     Faith    .   a - +0 animal skin
rPois    .         Spirit   .   (helmet restricted)
rElec    .         Reflect  .   l - +0 cloak
rCorr    .         Harm     .   (gloves unavailable)
MR       +....                  (boots unavailable)
Stlth    +.........             (no amulet)
HPRegen  0.67/turn              e - ring of protection from fire
MPRegen  0.11/turn              f - ring of protection from magic

@: no status effects
A: large, unfitting armour, claws 3, fast metabolism 3, gourmand, regeneration
1, shaggy fur 1, tough skin 3
a: Berserk, Trog's Hand, Brothers in Arms, Renounce Religion


You were on level 9 of the Dungeon.
You worshipped Trog.
Trog was greatly pleased with you.
You were not hungry.

You visited 1 branch of the dungeon, and saw 9 of its levels.

You collected 259 gold pieces.
You spent 259 gold pieces at shops.

Inventory:

Armour
 a - a +0 animal skin (worn)
 l - a +0 cloak (worn)
Jewellery
 e - a ring of protection from fire (left claw)
 f - a ring of protection from magic (right claw)
Wands
 i - a wand of scattershot (6)
 r - a wand of flame (5)
 v - a wand of paralysis (22)
 w - a wand of polymorph (6)
 y - a wand of disintegration (34)
 C - a wand of acid (7)
Scrolls
 c - a scroll of summoning {unknown}
 m - a scroll of random uselessness {unknown}
 n - a scroll of immolation
 o - 3 scrolls of enchant weapon
 p - 6 scrolls of remove curse
 q - 3 scrolls of teleportation
 x - 3 scrolls of magic mapping
 z - a scroll of vulnerability {unknown}
 A - a scroll of fog
 F - a scroll of identify
Potions
 d - a potion of invisibility
 g - a potion of haste {unknown}
 h - 5 potions of curing
 j - 2 potions of brilliance
 s - a potion of flight {unknown}
 t - 2 potions of mutation {unknown}
 u - 2 potions of might {unknown}
 D - a potion of resistance {unknown}
 E - a potion of degeneration {unknown}
Comestibles
 b - 9 rations


   Skills:
 + Level 7.0 Fighting
 + Level 6.4 Armour
 + Level 7.0 Dodging
 + Level 8.5 Unarmed Combat


You had 9 spell levels left.
You didn't know any spells.
Your spell library was empty.

Dungeon Overview and Level Annotations

Branches:
Dungeon (9/15)             Temple (0/1) D:7            Lair (0/6) D:9
    Orc: D:9-12

Altars:
Fedhas
Makhleb
Okawaru
Sif Muna

Shops:
D:5 [   D:6 ?

Annotations:
D:9 Maurice


Innate Abilities, Weirdness & Mutations

You are too large for most types of armour.
You have claws for hands.
Your metabolism is lightning-fast.
You like to eat raw meat.
Your natural rate of healing is unusually fast.
You are covered in fur. (AC +1)
You have extremely tough skin. (AC +3)


Message History

The nine-headed hydra bites you but does no damage.
The nine-headed hydra bites you! The nine-headed hydra bites you. x2
The nine-headed hydra bites you! x2
The nine-headed hydra closely misses you.
The nine-headed hydra bites you!
Unknown command.
Okay, then.
Your two-headed ogre goes berserk!
You feel quite a bit more hungry. The nine-headed hydra bites you.
The nine-headed hydra bites you! The nine-headed hydra bites you.
The nine-headed hydra bites you but does no damage.
The nine-headed hydra bites you!
* * * LOW HITPOINT WARNING * * *
The nine-headed hydra bites you.
* * * LOW HITPOINT WARNING * * *
The nine-headed hydra barely misses you.
The nine-headed hydra bites you!
* * * LOW HITPOINT WARNING * * *
The nine-headed hydra bites you.
You die...

#..## ###.##
###...#
#...###
##.#########
#..........#
#..........#
#....)..O..#
#.....@D...#
#..........#
#............#
#..........###
#..........#
############


You could see a nine-headed hydra and a friendly two-headed ogre (berserk).

Vanquished Creatures
  Erica (D:8)
  Joseph (D:7)
  A hippogriff (D:8)
  Sigmund (D:2)
  2 hungry ghosts
  Grum (D:8)
  Menkaure (D:7)
  A water moccasin (D:7)
  2 sky beasts (D:9)
  2 orc warriors (D:8)
  A black bear (D:7)
  3 phantoms
  An ice beast (D:8)
  2 centaurs
  3 ogres
  3 wolves (D:8)
  2 crocodiles
  3 bullfrogs
  A water moccasin zombie (D:6)
  A scorpion (D:6)
  3 crimson imps
  4 hounds
  A quasit (D:9)
  2 orc priests
  A jelly (D:6)
  2 bullfrog skeletons (D:4)
  A gnoll shaman (D:8)
  5 orc wizards
  Crazy Yiuf (D:2)
  2 centaur skeletons
  Ijyb (D:4)
  4 iguanas
  4 worker ants
  A worker ant zombie (D:8)
  14 adders
  10 gnolls
  3 shadow imps
  3 oozes
  2 adder zombies
  2 worms (D:2)
  2 dart slugs
  7 leopard geckos
  19 orcs
  3 giant cockroaches
  10 goblins
  5 hobgoblins
  9 jackals
  2 quokkas
  7 bats
  5 frilled lizards
  6 kobolds
  A leopard gecko skeleton (D:8)
  4 rats
179 creatures vanquished.

Vanquished Creatures (collateral kills)
  The ghost of LambertSimnel the Covert, a novice OpVM (D:8)
  A sky beast (D:8)
  7 big kobolds (D:8)
  An orc wizard (D:8)
  3 orcs (D:8)
13 creatures vanquished.

Vanquished Creatures (others)
  An orc wizard (D:7)
1 creature vanquished.

Grand Total: 193 creatures vanquished

Notes
Turn   | Place    | Note
-------+----------+-------------------------------------------
     0 | D:1      | Johnny the Troll Berserker began the quest for the Orb.
     0 | D:1      | Reached XP level 1. HP: 22/22 MP: 0/0
   164 | D:1      | Reached XP level 2. HP: 26/29 MP: 1/1
   851 | D:2      | Reached XP level 3. HP: 35/36 MP: 2/2
   852 | D:2      | Reached skill level 1 in Armour
   949 | D:2      | Reached XP level 4. HP: 31/44 MP: 3/3
   977 | D:2      | Found a shimmering blue altar of Sif Muna.
  1122 | D:2      | Noticed Sigmund
  1130 | D:2      | Killed Sigmund
  1130 | D:2      | Reached skill level 4 in Unarmed Combat
  1130 | D:2      | Reached XP level 5. HP: 53/53 MP: 4/4
  1150 | D:2      | Reached ** piety under Trog
  1183 | D:2      | Found a runed translucent door.
  1184 | D:2      | Noticed Crazy Yiuf
  1325 | D:2      | Killed Crazy Yiuf
  1325 | D:2      | Reached XP level 6. HP: 61/61 MP: 5/5
  1908 | D:3      | Found an iron altar of Okawaru.
  2026 | D:4      | Noticed Ijyb
  2061 | D:4      | Killed Ijyb
  2170 | D:4      | Reached XP level 7. HP: 59/68 MP: 6/6
  2174 | D:4      | Reached *** piety under Trog
  2223 | D:4      | Reached skill level 5 in Unarmed Combat
  2584 | D:5      | Entered Level 5 of the Dungeon
  2647 | D:5      | Found Curphutt's Armour Shop.
  3336 | D:5      | Reached XP level 8. HP: 78/79 MP: 7/7
  3874 | D:6      | Reached skill level 5 in Fighting
  3874 | D:6      | Reached skill level 5 in Dodging
  3874 | D:6      | Reached skill level 6 in Unarmed Combat
  4041 | D:6      | Found Metabb's Magic Scroll Boutique.
  4051 | D:6      | Bought a scroll of identify for 28 gold pieces
  4051 | D:6      | Bought a scroll of identify for 28 gold pieces
  4051 | D:6      | Bought a scroll of identify for 28 gold pieces
  4051 | D:6      | Bought a scroll of fog for 28 gold pieces
  4051 | D:6      | Bought a scroll of remove curse for 42 gold pieces
  4051 | D:6      | Bought a scroll of enchant armour for 105 gold pieces
  4351 | D:7      | Found a staircase to the Ecumenical Temple.
  4364 | D:7      | Noticed Menkaure
  4380 | D:7      | Killed Menkaure
  4380 | D:7      | Reached XP level 9. HP: 60/88 MP: 8/8
  4413 | D:7      | Noticed Joseph
  4437 | D:7      | Killed Joseph
  4457 | D:7      | Reached skill level 5 in Armour
  5174 | D:8      | Reached skill level 7 in Unarmed Combat
  5206 | D:8      | Reached **** piety under Trog
  5375 | D:8      | Found a burning altar of Makhleb.
  5429 | D:8      | Found a runed translucent gate.
  5429 | D:8      | Found a runed translucent gate.
  5439 | D:8      | Noticed LambertSimnel's ghost (novice OpVM)
  5440 | D:8      | Found a runed translucent gate.
  5443 | D:8      | Noticed Grum
  5457 | D:8      | Killed Grum
  5490 | D:8      | Killed LambertSimnel's ghost
  5490 | D:8      | Reached XP level 10. HP: 52/100 MP: 9/9
  5496 | D:8      | Reached skill level 8 in Unarmed Combat
  5596 | D:8      | Noticed Erica
  5602 | D:8      | Killed Erica
  5907 | D:9      | Found a staircase to the Lair.
  6203 | D:9      | Found a blossoming altar of Fedhas.
  6443 | D:9      | Noticed Maurice
  6672 | D:9      | Noticed an eight-headed hydra
  6679 | D:9      | HP: 1/102 [nine-headed hydra (8)]
  6679 | D:9      | Slain by a nine-headed hydra

Levels and vault maps discovered:
D:1:      dpeg_arrival_stonehenge_8_columns, layout_basic
D:2:      layout_rooms, led_sif_pool, uniq_sigmund, uniq_crazy_yiuf_cottage
D:3:      layout_loops_ring, first_ration, kennysheep_okawaru_gauntlet
D:4:      kennysheep_the_goblin_king, layout_loops_ring
D:5:      layout_gridville, serial_shops, nicolae_shop_stone
D:6:      layout_loops_ring, serial_shops, kennysheep_little_box
D:7:      layout_basic, temple_fountains, uniq_joseph, uniq_menkaure
D:8:      layout_basic, gammafunk_ghost_nasty_kobolds, makhleb_heckhound_becter,
          uniq_grum, uniq_erica
D:9:      layout_roguey, lair_entry_dummy, basic_altar, uniq_maurice

Skill      XL: |  1  2  3  4  5  6  7  8  9 10 |
---------------+-------------------------------+-----
Armour         | 1 2 3 4 5 6 |  6.4
Fighting       | 3 4 5 6 7 |  7.0
Dodging        | 3 4 5 6 7 |  7.0
Unarmed Combat | 4 5 6 7 8 |  8.5

Action                   |  1- 3 |  4- 6 |  7- 9 | 10-12 || total
-------------------------+-------+-------+-------+-------++-------
Melee: Unarmed           |    56 |   144 |   262 |   101 ||   563
       Punch             |     1 |     2 |    10 |     2 ||    15
Invok: Berserk           |       |     4 |     5 |     1 ||    10
       Trog's Hand       |       |       |     3 |       ||     3
       Brothers in Arms  |       |       |     1 |     1 ||     2
Evoke: Wand              |       |       |       |     2 ||     2
  Use: Scroll            |       |       |     9 |       ||     9
  Eat: Chunk             |     6 |    23 |    45 |    15 ||    89
Armor: Animal skin       |    23 |    80 |    83 |    42 ||   228
Dodge: Dodged            |    30 |   124 |   143 |    57 ||   354
